 Dungeon Crawl Stone Soup version 0.21-a0-414-gba8bdf1 (webtiles) character file.

355 StormFighter the Insei (level 6, -10/38 HPs)
             Began as an Octopode Transmuter on Nov 2, 2017.
             Mangled by an ogre
             ... wielding a +0 giant club
              (23 damage)
             ... on level 4 of the Dungeon.
             The game lasted 00:08:48 (3478 turns).

StormFighter the Insei (Octopode Transmuter)        Turns: 3478, Time: 00:08:48

Health: -10/38     AC:  2    Str:  9    XL:     6   Next: 63%
Magic:  7/9        EV: 21    Int: 18    God:
Gold:   225        SH:  0    Dex: 17    Spells: 3/9 levels left

rFire    . . .     SeeInvis .     - Unarmed
rCold    . . .     Gourm    .   (shield currently unavailable)
rNeg     . . .     Faith    .   (helmet currently unavailable)
rPois    x         Spirit   .   (no amulet)
rElec    .         Reflect  .   (no ring)
rCorr    .         Harm     .   (no ring)
MR       .....                  (no ring)
Stlth    ++........             (no ring)
HPRegen  0.12/turn              (no ring)
MPRegen  0.11/turn              (no ring)
                                (no ring)
                                (no ring)

@: spider-form (expiring)
A: almost no armour, stealthy swim, (amphibious), 8 rings, (constrict 8)
a: End Transformation


You were on level 4 of the Dungeon.
You were not hungry.
You were a venomous arachnid creature.
You visited 1 branch of the dungeon, and saw 4 of its levels.

You collected 225 gold pieces.

Inventory:

Hand Weapons
 h - a +0 hunting sling
Missiles
 a - 109 arrows
 g - 58 stones (quivered)
Magical Staves
 r - an uncursed staff of poison
Scrolls
 d - a scroll of identify
 e - a scroll of magic mapping {unknown}
 i - 6 scrolls of remove curse
 j - a scroll of noise {unknown}
 p - a scroll of fog {unknown}
Potions
 k - 2 potions of magic {unknown}
 l - 2 potions of curing
 m - 2 potions of might
 n - a potion of agility {unknown}
 o - a potion of resistance {unknown}
Books
 b - a book of Changes

   Spells                             Type                      Level
   a - Beastly Appendage              Transmutation                1
   b - Sticks to Snakes               Transmutation                2
   c - Spider Form                    Transmutation/Poison         3
   d - Ice Form                       Ice/Transmutation            4
   e - Blade Hands                    Transmutation                5
Comestibles
 c - 4 bread rations
 f - 3 fruits
 q - 11 chunks of flesh


   Skills:
 - Level 1.0 Fighting
 + Level 3.0 Dodging
 * Level 6.5 Unarmed Combat
 - Level 2.0 Spellcasting
 - Level 2.0 Transmutations
 - Level 2.1 Poison Magic


You had 3 spell levels left.
You knew the following spells:

 Your Spells              Type           Power        Failure   Level  Hunger
a - Beastly Appendage     Tmut           #.....       21%         1    #......
b - Sticks to Snakes      Tmut           #.......     28%         2    ###....
c - Spider Form           Tmut/Pois      #.........   43%         3    ###....


Dungeon Overview and Level Annotations

Branches:
Dungeon (4/15)
 Temple: D:4-7

Altars:
Yredelemnul


Innate Abilities, Weirdness & Mutations

You cannot wear most types of armour.
You are very stealthy in the water. (Stealth+)
((You are amphibious.))
You can wear up to eight rings at the same time.
((You can use your tentacles to constrict eight enemies at once.))
((Your skin changes colour to match your surroundings (Stealth+).))
((Your rubbery body absorbs attacks. (AC +1, EV +1)))


Message History

The orc wizard is severely wounded.
Your transformation is almost over.
You kill the orc wizard!
Your Dodging skill increases to level 3!
The orc barely misses you.
You bite the orc!
You kill the orc!
You bite the orc!
You kill the orc!
You barely miss the orc. The orc misses you.
You hit the orc.
The orc is poisoned.
The orc is heavily wounded.
You barely miss the ogre.
You hear the brisk hiss of a distant avalanche of sand.
The orc hits you with a war axe. The ogre closely misses you.
You bite the ogre!
The ogre is moderately wounded.
The orc closely misses you. The ogre hits you with a giant club!!
Ouch! That really hurt!
You die...

###.#
#............#
##
##............#
##.............#
#..............#
#.............##
##............#
#...........##
##..##...##.#
### #s..# .#
#)Oo.# .# #....#
.....).
.........
##........#
..........#
..(.........


You could see an ogre and an orc.

Vanquished Creatures
  An ogre (D:4)
  A scorpion (D:3)
  2 orc wizards (D:4)
  An iguana (D:2)
  4 adders
  5 oozes
  4 worms
  3 leopard geckos
  10 orcs
  4 bats
  4 giant cockroaches (D:1)
  5 goblins
  2 hobgoblins
  5 jackals (D:1)
  A quokka (D:3)
  4 frilled lizards
  7 kobolds
  14 rats
77 creatures vanquished.

Vanquished Creatures (collateral kills)
  A bat (D:2)
1 creature vanquished.

Grand Total: 78 creatures vanquished

Notes
Turn   | Place    | Note
-------+----------+-------------------------------------------
     0 | D:1      | StormFighter the Octopode Transmuter began the quest for the Orb.
     0 | D:1      | Reached XP level 1. HP: 13/13 MP: 3/3
     1 | D:1      | Found a runed door.
   223 | D:1      | Reached XP level 2. HP: 18/18 MP: 3/5
   255 | D:1      | Reached skill level 4 in Unarmed Combat
   269 | D:1      | Reached XP level 3. HP: 14/23 MP: 4/6
   639 | D:1      | Learned a level 2 spell: Sticks to Snakes
   643 | D:1      | Learned a level 3 spell: Spider Form
  1567 | D:2      | Reached XP level 4. HP: 14/28 MP: 2/7
  1801 | D:2      | Reached skill level 5 in Unarmed Combat
  2309 | D:3      | Reached XP level 5. HP: 33/33 MP: 6/8
  2813 | D:3      | Found a basalt altar of Yredelemnul.
  3078 | D:4      | Noticed an ogre
  3093 | D:3      | Reached skill level 1 in Poison Magic
  3283 | D:4      | Killed an ogre
  3283 | D:4      | Reached skill level 6 in Unarmed Combat
  3283 | D:4      | Reached XP level 6. HP: 38/38 MP: 6/9
  3478 | D:4      | Mangled by an ogre

Vault maps used:
D:1:      dpeg_arrival_caged_fury, kennysheep_decorative_pillar
D:3:      yredelemnul_altar_generic, first_bread, minmay_liquid_box
D:4:      gup_ossuary_entry_pyramid, hangedman_abyss_or_decor_stabs,
          okawaru_gym_becter

Skill      XL: |  1  2  3  4  5  6 |
---------------+-------------------+-----
Unarmed Combat | 4 5 6 |  6.5
Poison Magic   | 2 |  2.1
Dodging        | 3 |  3.0
Fighting       | |  1.0
Spellcasting   | |  2.0
Transmutations | |  2.0

Action                   |  1- 3 |  4- 6 || total
-------------------------+-------+-------++-------
Melee: Unarmed           |    81 |   104 ||   185
       Kick              |    11 |    13 ||    24
       Constrict         |    15 |    17 ||    32
       Tentacles         |     8 |    11 ||    19
       Punch             |       |     2 ||     2
 Cast: Beastly Appendage |    15 |    14 ||    29
       Sticks to Snakes  |     2 |     3 ||     5
       Spider Form       |       |     4 ||     4
  Use: Potion            |       |     1 ||     1
       Scroll            |       |     2 ||     2
 Stab: Sleeping          |     2 |     5 ||     7
  Eat: Fruit             |     2 |     2 ||     4
       Chunk             |       |     6 ||     6
Armor: Skin              |     6 |     8 ||    14
Dodge: Dodged            |    46 |    65 ||   111

Table legend:
 A = Spawn XP
 B = Non-spawn XP
 C = Spawn XP percentage of total XP
 D = Spawn monster count
 E = Non-spawn monster count
 F = Spawn count percentage of total count
 G = Total turns spent on level
                    A         B        C        D         E        F      G
               +---------+---------+-------+---------+---------+-------+---------
         Total |       0 |     508 |   0.0 |       0 |      78 |   0.0 |  3478
               +---------+---------+-------+---------+---------+-------+---------
           D:1 |       0 |      73 |   0.0 |       0 |      32 |   0.0 |  1453
           D:2 |       0 |      90 |   0.0 |       0 |      15 |   0.0 |   823
           D:3 |       0 |     112 |   0.0 |       0 |      18 |   0.0 |   987
           D:4 |       0 |     233 |   0.0 |       0 |      13 |   0.0 |   215
               +---------+---------+-------+---------+---------+-------+---------
